 Dungeon Sprint DCSS version 0.27-a0-1347-gd8886f0a89 (webtiles) character file.

Game seed: 11134110231427645221

32972 mhtbhm the Archmage (level 13, -2/65 HPs)
             Began as a Deep Elf Earth Elementalist on June 27, 2021.
             Was the Champion of Vehumet.
             Slain by a spriggan defender (27 damage)
             ... in the Dungeon (Sprint IV: "Fedhas' Mad Dash").
             The game lasted 00:15:07 (9020 turns).

mhtbhm the Archmage (Deep Elf Earth Elementalist)   Turns: 9020, Time: 00:15:08

Health: -2/65      AC:  7    Str:  3 (5)  XL:     13   Next: 34%
Magic:  0/46       EV: 16    Int: 26      God:    Vehumet [******]
Gold:   103        SH:  0    Dex: 21 (22) Spells: 13/66 levels left

rFire    + . .     SeeInvis .   m - staff of earth
rCold    + + .     Faith    .   (no shield)
rNeg     . . .     Spirit   +   b - +1 faerie dragon scales {rElec Will+ rCorr}
rPois    +         Reflect  .   (no helmet)
rElec    +         Harm     .   p - scarf {rC+ rF+}
rCorr    +         Rampage  .   (no gloves)
Will     ++...     NoTele   +   (no boots)
Stlth    +++.......             s - amulet of Light {Spirit Fragile rPois Regen+ Dex+4 Slay+2}
HPRegen  1.20/turn              l - ring of protection from cold
MPRegen  0.30/turn              n - ring of Afrabrit {EV+4 Dex+3}

@: on berserk cooldown, slowed, very slow
A: no striking features
a: Renounce Religion


You were in the Dungeon.
You worshipped Vehumet.
Vehumet was exalted by your worship.
You visited 1 branch You collected 263 gold pieces.
You spent 160 gold pieces at shops.

Inventory:

Missiles
 i - 24 stones
Armour
 b - the +1 faerie dragon scales (worn) {rElec Will+ rCorr}
   (You took it off the Enchantress in the Dungeon)

   rElec:     It insulates you from electricity.
   rCorr:     It protects you from acid and corrosion.
   Will:      It increases your willpower.
 p - a scarf of resistance (worn)
Magical Staves
 m - a staff of earth (weapon)
Jewellery
 k - the amulet of invisibility {+Inv}
   (You found it in the Dungeon)

   [amulet of nothing]

   +Inv:      It lets you turn invisible.
 l - a ring of protection from cold (left hand)
 n - the ring of Afrabrit (right hand) {EV+4 Dex+3}
   (You found it in the Dungeon)

   [ring of evasion]

   EV:        It affects your evasion (+4).
   Dex:       It affects your dexterity (+3).
 r - a ring of fire
 s - the amulet of Light (around neck) {Spirit Fragile rPois Regen+ Dex+4 Slay+2}
   (You found it in the Dungeon)

   [amulet of guardian spirit]

   It causes incoming damage to be divided between your reserves of health and
   magic.Dex: It affects your dexterity (+4).
   Slay:      It affects your accuracy & damage with ranged weapons and melee
   (+2).
   rPois:     It protects you from poison.
   Regen:     It increases your rate of health regeneration.
   Fragile:   It will be destroyed if unequipped.
Scrolls
 a - a scroll of identify {unknown}
 j - a scroll of amnesia {unknown}
 o - a scroll of acquirement {unknown}
Potions
 c - a potion of curing
 e - a potion of haste
 g - a potion of berserk rage
Miscellaneous
 q - a piece from Xom's chessboard (15/15)


   Skills:
 + Level 1.3 Fighting
 + Level 0.5 Staves
 + Level 2.5 Armour
 + Level 5.8 Dodging
 + Level 6.0 Stealth
 + Level 0.2 Unarmed Combat
 O Level 27 Spellcasting
 + Level 4.1 Conjurations
 + Level 5.1 Transmutations
 + Level 1.3 Ice Magic
 + Level 23.2 Earth Magic
 + Level 11.2 Evocations


You had 13 spell levels left.
You knew the following spells:

 Your Spells              Type           Power      Damage    Failure   Level
a - Sandblast             Erth           100%       2d20      0%          1
b - Passwall              Tmut/Erth      86%        N/A       0%          2
c - Stone Arrow           Conj/Erth      100%       3d13      0%          3
d - Lee's Rapid Deconstr  Erth           62%        3d30*     0%          5
e - Petrify               Tmut/Erth      100%       N/A       1%          4
f - Ozocubu's Armour      Ice            42%        N/A       3%          3
g - Bolt of Magma         Conj/Fire/Erth 44%        4d18      1%          5
h - Spellforged Servitor  Conj/Summ      22%        N/A       86%         7
i - Iron Shot             Conj/Erth      51%        9d10      1%          6
j - Lehudib's Crystal Sp  Conj/Erth      51%        10d12     13%         8
k - Shatter               Erth           62%        3d46*     4%          9

Your spell library contained the following spells:

 Spells                   Type           Power      Damage    Failure   Level
 Ignition                 Fire           17%        3d7       100%        8
 Chain Lightning          Conj/Air       22%        3d30      100%        9
 Freeze                   Ice            100%       1d11      1%          1
 Dazzling Flash           Conj/Hex       90%        N/A       1%          3
 Frozen Ramparts          Ice            84%        1d10      1%          3
 Hailstorm                Conj/Ice       49%        3d11      1%          4
 Corona                   Hex            38%        N/A       2%          1
 Ensorcelled Hibernation  Hex/Ice        76%        N/A       2%          2
 Confusing Touch          Hex            35%        N/A       6%          3
 Tukima's Dance           Hex            35%        N/A       6%          3
 Metabolic Englaciation   Hex/Ice        19%        N/A       41%         5


Dungeon Overview and Level Annotations

Branches:
Dungeon (1/1)

Altars:
Cheibriados
Dithmenos
Elyvilon
Gozag
Hepliaklqana
Kikubaaqudgha
Makhleb
Nemelex Xobeh
Okawaru
Qazlal
Ru
Sif Muna
Trog
Uskayaw
Vehumet
Wu Jian
Xom
Yredelemnul
Zin
The Shining One
Beogh
Jiyva
Lugonu

Shops:
D *==*((??!(![(((([:(**


Message History

Unknown command.
You feel a strong urge to attack something.
You are no longer berserk.
You pass out from exhaustion.
You feel yourself slow down.
You can move again.
Unknown command.
Okay, then.
Okay, then.
Casting: Shatter (quite dangerous; 4% risk of failure)
Confirm with . or Enter, or press ? or * to list all spells.
Aiming: Petrify (safe; 1% risk of failure)
Press: ? - help, Shift-Dir - straight line, f - spriggan defender
Aim: a spriggan defender, wielding a +7 quick blade, wearing a +0 robe and wearing a +0 buckler (chance to affect: 4%)
Okay, then.
Casting: Petrify (safe; 1% risk of failure)
Confirm with . or Enter, or press ? or * to list all spells.
Okay, then.
Casting: Petrify (safe; 1% risk of failure)
Confirm with . or Enter, or press ? or * to list all spells.
The spell is extremely dangerous to cast (13% risk of failure)!
Continue anyway?
Aiming: Lehudib's Crystal Spear (extremely dangerous; 13% risk of failure)
Press: ? - help, Shift-Dir - straight line, f - spriggan defender
Aim: a spriggan defender, wielding a +7 quick blade, wearing a +0 robe and wearing a +0 buckler (54% to hit)
Okay, then.
Unknown command.
Casting: Lehudib's Crystal Spear (extremely dangerous; 13% risk of failure)
Confirm with . or Enter, or press ? or * to list all spells.
Okay, then.
Unknown command.
Casting: Lehudib's Crystal Spear (extremely dangerous; 13% risk of failure)
Confirm with . or Enter, or press ? or * to list all spells.
Aiming: Iron Shot (dangerous; 1% risk of failure)
Press: ? - help, Shift-Dir - straight line, f - spriggan defender
Aim: a spriggan defender, wielding a +7 quick blade, wearing a +0 robe and wearing a +0 buckler (45% to hit)
You feel a surge of power!
The iron shot hits the spriggan defender!!
The spriggan defender is heavily wounded.
The spriggan defender hits you with a +7 quick blade!!
You die...

#.............#####∩∩∩#........
##############.#.#.#.############
...♣..♣..♣..♣..♣.....♣..♣..♣..♣..
......).........)).......).......
.[.♣..♣..♣..♣)....♣..♣.....♣..♣..
############...#......#....######
.# #####......#......
.#########.................
................@i..†......
...............)..........)
..........#####............
..........# #..#..##.##.##.
########### ####.## .# # .## #.
#. .# ## ..


You could see a spriggan defender.

Vanquished Creatures
  the Enchantress (D)
  Agnes (D)
  2 ghost moths (D)
  4 spriggan defenders (D)
  5 spriggan berserkers (D)
  4 spriggan druids (D)
  25 oklob plants (D)
  A moth of wrath (D)
  4 demonic crawlers (D)
  3 wandering mushrooms (D)
  3 burning bushes (D)
  2 queen bees (D)
  10 hornets (D)
  4 scorpions (D)
  4 killer bees (D)
  5 oklob saplings (D)
  11 spriggans (D)
  A river rat (D)
  A rat (D)
  A ballistomycete spore (D)
92 creatures vanquished.

Vanquished Creatures (others)
  An eldritch tentacle (D)
  A ballistomycete spore (D)
  A bush (D)
  5 fungi (D)
8 creatures vanquished.

Grand Total: 100 creatures vanquished

Notes
Turn   | Place    | Note
-------+----------+-------------------------------------------
     0 | D        | mhtbhm the Deep Elf Earth Elementalist began the quest for
                  | the Orb.
     0 | D        | Reached XP level 1. HP: 10/10 MP: 6/6
    13 | D        | Reached XP level 2. HP: 6/15 MP: 0/8
   301 | D        | Learned a level 2 spell: Passwall
   304 | D        | Noticed an oklob sapling
   308 | D        | Killed an oklob sapling
   309 | D        | Reached skill level 5 in Spellcasting
   309 | D        | Reached XP level 3. HP: 19/19 MP: 4/11
   467 | D        | Noticed a scorpion
   468 | D        | Found the amulet of invisibility {+Inv}
   471 | D        | Killed a scorpion
   472 | D        | Reached skill level 6 in Spellcasting
   472 | D        | Reached XP level 4. HP: 24/24 MP: 7/14
   726 | D        | Found an opulent altar of Gozag.
   726 | D        | Found a hazy altar of Hepliaklqana.
   726 | D        | Found a burning altar of Makhleb.
   726 | D        | Found a sparkling altar of Nemelex Xobeh.
   726 | D        | Found a snail-covered altar of Cheibriados.
   726 | D        | Found a sacrificial altar of Ru.
   726 | D        | Found a shimmering blue altar of Sif Muna.
   726 | D        | Found a shimmering altar of Xom.
   726 | D        | Found a basalt altar of Yredelemnul.
   737 | D        | Found a viscous altar of Jiyva.
   737 | D        | Found a bloodstained altar of Trog.
   737 | D        | Found an ornate altar of the Wu Jian Council.
   739 | D        | Found an iron altar of Okawaru.
   739 | D        | Found a shadowy altar of Dithmenos.
   739 | D        | Found a glowing silver altar of Zin.
   740 | D        | Found an ancient bone altar of Kikubaaqudgha.
   740 | D        | Found a hide-covered altar of Uskayaw.
   741 | D        | Found a stormy altar of Qazlal.
   741 | D        | Found a white marble altar of Elyvilon.
   741 | D        | Found a glowing golden altar of the Shining One.
   742 | D        | Found a corrupted altar of Lugonu.
   742 | D        | Found a radiant altar of Vehumet.
   746 | D        | Reached skill level 7 in Spellcasting
   746 | D        | Reached XP level 5. HP: 28/28 MP: 11/17
   750 | D        | Learned a level 3 spell: Stone Arrow
   756 | D        | Learned a level 5 spell: Lee's Rapid Deconstruction
   761 | D        | Learned a level 4 spell: Petrify
   774 | D        | Became a worshipper of Vehumet
   904 | D        | Reached skill level 8 in Spellcasting
   904 | D        | Reached skill level 1 in Evocations
  1117 | D        | Learned a level 3 spell: Ozocubu's Armour
  1124 | D        | Reached * piety under Vehumet
  1124 | D        | Offered knowledge of Shock by Vehumet.
  1127 | D        | Reached skill level 9 in Spellcasting
  1127 | D        | Reached skill level 10 in Earth Magic
  1127 | D        | Reached XP level 6. HP: 33/33 MP: 2/20
  1149 | D        | Found Soluonni's Antique Weapon Shop.
  1149 | D        | Found Wewu's Antique Weapon Emporium.
  1237 | D        | Noticed a burning bush
  1237 | D        | Noticed a wandering mushroom
  1384 | D        | Noticed a wandering mushroom
  1387 | D        | Reached skill level 10 in Spellcasting
  1387 | D        | Killed a wandering mushroom
  1387 | D        | Offered knowledge of Magic Dart by Vehumet.
  1387 | D        | Reached ** piety under Vehumet
  1388 | D        | Reached skill level 5 in Stealth
  1388 | D        | Reached skill level 11 in Spellcasting
  1388 | D        | Reached skill level 5 in Evocations
  1388 | D        | Reached XP level 7. HP: 37/37 MP: 9/24
  1388 | D        | Killed a wandering mushroom
  1389 | D        | Reached skill level 12 in Spellcasting
  1898 | D        | Killed a burning bush
  1899 | D        | Reached skill level 13 in Spellcasting
  2302 | D        | Found Keraid's Weapon Emporium.
  2302 | D        | Found Reedutoi's Book Shoppe.
  2350 | D        | Offered knowledge of Inner Flame by Vehumet.
  2351 | D        | Reached XP level 8. HP: 42/42 MP: 20/27
  2567 | D        | Noticed a queen bee
  2569 | D        | Reached *** piety under Vehumet
  2569 | D        | Offered knowledge of Sticky Flame by Vehumet.
  2575 | D        | Killed a queen bee
  2576 | D        | Reached skill level 14 in Spellcasting
  2774 | D        | Noticed an oklob plant
  2780 | D        | Killed an oklob plant
  2780 | D        | Reached **** piety under Vehumet
  2780 | D        | Offered knowledge of Bolt of Magma by Vehumet.
  2781 | D        | Reached skill level 15 in Spellcasting
  2781 | D        | Reached skill level 1 in Ice Magic
  3120 | D        | Learned a level 5 spell: Bolt of Magma
  3129 | D        | Noticed a burning bush
  3133 | D        | Killed a burning bush
  3134 | D        | Reached XP level 9. HP: 27/46 MP: 14/30
  3366 | D        | Noticed a burning bush
  3366 | D        | Noticed an oklob plant
  3369 | D        | Killed a burning bush
  3370 | D        | Reached skill level 15 in Earth Magic
  3371 | D        | Killed an oklob plant
  3371 | D        | Reached ***** piety under Vehumet
  3371 | D        | Offered knowledge of Starburst by Vehumet.
  3372 | D        | Reached skill level 16 in Spellcasting
  3498 | D        | Noticed a wandering mushroom
  3501 | D        | Killed a wandering mushroom
  3509 | D        | Identified the ring of Afrabrit {EV+4 Dex+3}
  3671 | D        | Noticed a spriggan druid
  3674 | D        | Killed a spriggan druid
  3675 | D        | Reached skill level 17 in Spellcasting
  3675 | D        | Reached skill level 1 in Conjurations
  3938 | D        | Noticed an oklob plant conjurer
  3940 | D        | Killed an oklob plant conjurer
  3943 | D        | Noticed a spriggan rider
  3953 | D        | Killed a spriggan rider
  3954 | D        | Reached skill level 18 in Spellcasting
  3954 | D        | Reached XP level 10. HP: 51/51 MP: 16/34
  3955 | D        | Noticed Agnes
  3957 | D        | Noticed a spriggan berserker
  3960 | D        | Killed Agnes
  3961 | D        | Reached skill level 19 in Spellcasting
  3961 | D        | Killed a spriggan berserker
  4036 | D        | Noticed an oklob plant
  4482 | D        | Killed an oklob plant
  4483 | D        | Reached skill level 20 in Spellcasting
  4484 | D        | Noticed an oklob plant summoner
  4486 | D        | Killed an oklob plant summoner
  4491 | D        | Reached skill level 1 in Fighting
  4543 | D        | Noticed an oklob plant shifter
  4726 | D        | Reached ****** piety under Vehumet
  4760 | D        | Killed an oklob plant shifter
  4761 | D        | Reached XP level 11. HP: 56/56 MP: 31/37
  4818 | D        | Noticed a spriggan rider
  4822 | D        | Offered knowledge of Spellforged Servitor by Vehumet.
  4977 | D        | Found Seoze's Assorted Antiques.
  4981 | D        | Found Rof Hebinoo's General Store.
  5008 | D        | Learned a level 7 spell: Spellforged Servitor
  5032 | D        | Found Umodojeh's Antique Weapon Emporium.
  5034 | D        | Found Paup's Antique Armour Shoppe.
  5039 | D        | Noticed a spriggan defender
  5041 | D        | Killed a spriggan defender
  5042 | D        | Reached skill level 21 in Spellcasting
  5052 | D        | Bought an embroidered scarf for 160 gold pieces
  5147 | D        | Found Hoaprisowu's Jewellery Emporium.
  5147 | D        | Found Opikoeh's Jewellery Boutique.
  5147 | D        | Found Majaj's Assorted Antiques.
  5190 | D        | Noticed an oklob plant shifter
  5190 | D        | Noticed an oklob plant meteorologist
  5192 | D        | Killed an oklob plant meteorologist
  5194 | D        | Killed an oklob plant shifter
  5209 | D        | Offered knowledge of Ozocubu's Refrigeration by Vehumet.
  5232 | D        | Reached skill level 22 in Spellcasting
  5232 | D        | Reached skill level 10 in Evocations
  5446 | D        | Killed a ghost moth
  5483 | D        | Noticed a spriggan rider
  5487 | D        | Killed a spriggan rider
  5516 | D        | Found Toqihica's Weapon Shoppe.
  5516 | D        | Found Kacloloed's Weapon Boutique.
  5516 | D        | Found Enkiz's General Store.
  5517 | D        | Found Binicw's Magic Scroll Emporium.
  5517 | D        | Found Qeh Ryegoc's Magic Scroll Shoppe.
  5518 | D        | Found Biewkomn's Weapon Emporium.
  5518 | D        | Found Hoen's Distillery.
  5518 | D        | Found Utameu's Distillery.
  5520 | D        | Noticed an oklob plant
  5523 | D        | Killed an oklob plant
  5846 | D        | Noticed an oklob plant
  5847 | D        | Noticed an oklob plant
  5848 | D        | Noticed an oklob plant
  5850 | D        | Killed an oklob plant
  5850 | D        | Offered knowledge of Yara's Violent Unravelling by Vehumet.
  5850 | D        | Killed an oklob plant
  5851 | D        | Reached skill level 23 in Spellcasting
  5852 | D        | Killed an oklob plant
  5855 | D        | Killed an oklob plant
  6047 | D        | Noticed an oklob plant
  6050 | D        | Killed an oklob plant
  6051 | D        | Reached XP level 12. HP: 60/60 MP: 26/41
  6276 | D        | Offered knowledge of Iron Shot by Vehumet.
  6287 | D        | Learned a level 6 spell: Iron Shot
  6415 | D        | Reached skill level 24 in Spellcasting
  6630 | D        | Found Dateut's Antique Armour Emporium.
  6631 | D        | Found Gayruc's Antique Weapon Shop.
  6851 | D        | Identified the amulet of Light {Spirit Fragile rPois Regen+
                  | Dex+4 Slay+2}
  6927 | D        | Noticed a spriggan defender
  6927 | D        | Noticed a spriggan defender
  6935 | D        | Killed a spriggan defender
  6936 | D        | Killed a spriggan defender
  6937 | D        | Reached skill level 25 in Spellcasting
  6940 | D        | Offered knowledge of Orb of Destruction by Vehumet.
  7145 | D        | Reached skill level 5 in Dodging
  7370 | D        | Offered knowledge of Lehudib's Crystal Spear by Vehumet.
  7509 | D        | Learned a level 8 spell: Lehudib's Crystal Spear
  7517 | D        | Noticed a spriggan defender
  7520 | D        | Reached skill level 26 in Spellcasting
  7525 | D        | Killed a spriggan defender
  7785 | D        | Noticed the Enchantress
  7794 | D        | Killed the Enchantress
  7795 | D        | Reached XP level 13. HP: 64/64 MP: 27/45
  8783 | D        | Offered knowledge of Shatter by Vehumet.
  8783 | D        | Offered knowledge of Chain Lightning by Vehumet.
  8783 | D        | Offered knowledge of Ignition by Vehumet.
  8784 | D        | Reached skill level 1 in Armour
  8784 | D        | Reached skill level 27 in Spellcasting
  9001 | D        | Learned a level 9 spell: Shatter
  9004 | D        | Reached skill level 5 in Transmutations
  9013 | D        | Killed a ghost moth
  9013 | D        | Noticed a spriggan defender
  9020 | D        | Slain by a spriggan defender

Illustrated notes

Levels and vault maps discovered:
D:        dungeon_sprint_fedhas [sprint_temple]

Skill      XL: |  1  2  3  4  5  6  7  8  9 10 11 12 13 |
---------------+----------------------------------------+-----
Earth Magic    | 4 6 7 8 10 11 13 14 16 18 20 22 23 | 23.2
Stealth        | 3 4 5 6 |  6.0
Dodging        | 3 4 5 |  5.8
Spellcasting   | 5 6 7 9 11 13 15 18 20 23 26 27 | 27.0
Evocations     | 2 5 6 7 8 9 10 11 | 11.2
Ice Magic      | 1 |  1.3
Conjurations   | 1 4 |  4.1
Fighting       | 1 |  1.3
Transmutations | 2 3 4 5 |  5.1
Armour         | 2 |  2.5
Staves         | |  0.5
Unarmed Combat | |  0.2

Action                   |  1- 3 |  4- 6 |  7- 9 | 10-12 | 13-15 || total
-------------------------+-------+-------+-------+-------+-------++-------
Melee: Unarmed           |     4 |       |       |       |       ||     4
       Staff             |       |       |       |       |     6 ||     6
 Cast: Sandblast         |    14 |     4 |       |       |       ||    18
       Lee's Rapid Decon |       |    10 |    31 |    89 |    19 ||   149
       Stone Arrow       |       |       |     6 |     4 |       ||    10
       Petrify           |       |       |     1 |     7 |     8 ||    16
       Ozocubu's Armour  |       |       |     1 |     1 |       ||     2
       Iron Shot         |       |       |       |     5 |     1 ||     6
       Shatter           |       |       |       |       |     3 ||     3
 Abil: Evoke Invisibilit |       |     5 |     6 |     9 |       ||    20
  Use: Potion            |       |       |       |     4 |     1 ||     5
       Scroll            |       |       |       |     1 |       ||     1
Armor: Robe              |     2 |       |       |     1 |       ||     3
       Acid dragon scale |       |       |       |       |     7 ||     7
Dodge: Dodged            |     7 |     1 |     1 |    16 |    11 ||    36

Table legend: (Time is in decaauts)
 A = Elapsed time spent in this place.
 B = Non-inter-level travel time spent in this place.
 C = Inter-level travel time spent in this place.
 D = Time resting spent in this place.
 E = Time spent auto-exploring this place.
 F = Levels seen in this place.
 G = Mean time per level.
                   A        B        C        D        E       F      G
               +--------+--------+--------+--------+--------+-----+--------+
         Total |   9016 |   9016 |      0 |   7797 |      0 |   1 | 9016.0 |
       Dungeon |   9016 |   9016 |      0 |   7797 |      0 |   1 | 9016.0 |
               +--------+--------+--------+--------+--------+-----+--------+

Top non-repeatable levels by time:
       D: 9016 daAuts
